 Dungeon Crawl Stone Soup version 0.26-a0-597-gb535b0901c (webtiles) character file.

Game seed: 6433562661793603482

(classic levelgen) 15738 EnegeticOcto the Cleaver (level 12, -3/110 HPs)
             Began as a Deep Dwarf Fighter on Sept 2, 2020.
             Was an Elder of Makhleb.
             Blown up by a cacodemon (25 damage)
             ... with a bolt of energy
             ... on level 11 of the Dungeon.
             The game lasted 00:05:22 (5679 turns).

EnegeticOcto the Cleaver (Deep Dwarf Fighter)       Turns: 5679, Time: 00:05:22

Health: -3/110     AC: 24    Str: 23    XL:     12   Next: 3%
Magic:  1/1        EV:  6    Int: 11    God:    Makhleb [****..]
Gold:   720        SH: 12    Dex: 12    Spells: 11/11 levels left

rFire    + . .     SeeInvis .   a - +1 war axe
rCold    . . .     Faith    .   c - +0 kite shield
rNeg     . . .     Spirit   .   v - +0 plate armour
rPois    .         Reflect  .   (no helmet)
rElec    .         Harm     .   l - +2 cloak
rCorr    .         Rnd*Rage +   b - +2 pair of gloves
MR       +....                  e - +2 pair of boots
Stlth    ..........             (no amulet)
HPRegen  0.00/turn              (no ring)
MPRegen  0.07/turn              w - ring of protection from fire

@: non-regenerating
A: damage resistance, heal wounds, berserk 2, sense surroundings 2, no
regeneration
a: Heal Wounds, Minor Destruction, Lesser Servant of Makhleb, Major Destruction,
Renounce Religion


You were on level 11 of the Dungeon.
You worshipped Makhleb.
Makhleb was greatly pleased with you.
You visited 1 branch of the dungeon, and saw 10 of its levels.
You visited the Abyss 1 time.

You collected 720 gold pieces.

Inventory:

Hand Weapons
 a - a +1 war axe (weapon)
Missiles
 n - 2 throwing nets (quivered)
Armour
 b - a +2 pair of gloves (worn)
 c - a +0 kite shield (worn)
 e - a +2 pair of boots (worn)
 l - a +2 cloak (worn)
 v - a +0 plate armour (worn)
Jewellery
 w - a ring of protection from fire (right hand)
Wands
 k - a wand of digging (8) {@v3}
Scrolls
 f - 4 scrolls of identify {@r1}
 i - a scroll of fear
 m - a scroll of teleportation {@r3}
 p - a scroll of remove curse {@r2}
 u - 2 scrolls of enchant weapon
Potions
 d - 2 potions of might {@q3}
 g - 2 potions of curing {@q1}
 h - a potion of mutation
 o - a potion of lignification {unknown}
 q - a potion of haste {unknown}
 r - a potion of stabbing {unknown}
 s - 2 potions of ambrosia {unknown}
 t - 2 potions of heal wounds {unknown}


   Skills:
 + Level 8.1 Fighting
 * Level 12.7 Axes
 + Level 9.6 Armour
 + Level 9.5 Shields
 + Level 9.5 Invocations


You had 11 spell levels left.
You didn't know any spells.
Your spell library was empty.

Dungeon Overview and Level Annotations

Branches:
Dungeon (11/15)            Temple (0/1) D:6            Lair (0/6) D:9
    Orc: D:9-12

Altars:
Cheibriados
Hepliaklqana
Kikubaaqudgha
Makhleb
Okawaru
Qazlal
Vehumet
Yredelemnul
Zin
Beogh

Shops:
D:7 =   D:8 *

Annotations:
D:8 2 transporters, Sapher's ghost, novice OpTm
D:11 Sonja


Innate Abilities, Weirdness & Mutations

You are resistant to damage.
You can heal yourself by infusing magical energy.
You passively map the area around you.
You do not regenerate.
You often lose your temper in combat.


Message History

The small abomination moves out of view.
You block the cacodemon's attack. x2
You pass through the gate.
Welcome back to the Dungeon!
Level annotation: Sonja You block Sonja's attack. x2; Sonja hits you but does no damage.
Space bends around you. Sonja hits you but does no damage.
Space bends around you. Sonja hits you but does no damage.
Space bends around you. You block Sonja's attack.
You see here 3 curare-tipped darts.
Your magical essence is drained by the effort!
You feel much better. Sonja hits you but does no damage. x2
Space bends around you. Sonja hits you but does no damage.
Space bends around you.
The cacodemon hits you but does no damage.
The cacodemon hits you.
Sonja mumbles some strange words.
Sonja blinks!
You hit the cacodemon.
The cacodemon is lightly wounded.
The cacodemon hits you. The cacodemon hits you!
You closely miss the cacodemon.
The cacodemon is lightly wounded.
The cacodemon gestures at you. The bolt of energy hits you!!
You are too injured to fight recklessly!
You are too injured to fight recklessly!
You are too injured to fight recklessly!
You are too injured to fight recklessly!
You are too injured to fight recklessly!
You are too injured to fight recklessly!
You are too injured to fight recklessly!
You are too injured to fight recklessly!
You are too injured to fight recklessly!
You are too injured to fight recklessly!
You are too injured to fight recklessly!
You are too injured to fight recklessly!
You are too injured to fight recklessly!
You are too injured to fight recklessly!
You are too injured to fight recklessly!
You are too injured to fight recklessly!
You are too injured to fight recklessly!
You feel much better.
Sonja gestures wildly while chanting.
Sonja blinks!
Sonja gestures wildly while chanting.
Sonja blinks!
The cacodemon hits you but does no damage.
The cacodemon barely misses you.
You hit the cacodemon but do no damage.
The cacodemon is lightly wounded.
You hit the cacodemon but do no damage.
The cacodemon is lightly wounded.
The cacodemon gestures at you.
Strange energies course through your body.
You feel a little pissed off.
You barely miss the cacodemon.
The cacodemon is lightly wounded.
The cacodemon gestures at you.
Strange energies course through your body.
You feel angry.
You closely miss the cacodemon.
The cacodemon is lightly wounded.
You block the cacodemon's attack. The cacodemon hits you!
You hit the cacodemon.
The cacodemon is lightly wounded.
The cacodemon hits you but does no damage.
The cacodemon hits you.
Your plate armour prevents you from hitting the cacodemon.
The cacodemon is lightly wounded.
The cacodemon gestures at you.
The bolt of energy hits you but does no damage.
You hit the cacodemon but do no damage.
The cacodemon is lightly wounded.
The cacodemon hits you but does no damage.
The cacodemon hits you. You block the cacodemon's attack. x2
You block the cacodemon's attack.
The cacodemon hits you but does no damage.
The cacodemon hits you. You block the cacodemon's attack.
Sonja casts a spell.
Sonja blinks!
The cacodemon hits you!
The cacodemon hits you but does no damage.
You block the cacodemon's attack.
The cacodemon hits you but does no damage.
The cacodemon hits you but does no damage.
The cacodemon barely misses you. The cacodemon hits you!
* * * LOW HITPOINT WARNING * * *
You block the cacodemon's attack.
Sonja casts a spell.
Sonja blinks!
The cacodemon closely misses you. The cacodemon hits you!
* * * LOW HITPOINT WARNING * * *
The cacodemon gestures at you.
You easily resist.
The cacodemon gestures at you.
You easily resist.
The cacodemon gestures at you. The bolt of energy hits you!!
You die...

######### *
,........###########
####....K2@((รท.....#
#........#########.#
.##.....# ** *
##....# ,<,, , *,
*####.# * * *
#,#####"###.####,, *
* , #.#......)......^
, ,,* ,
#<...##.####.### , *
####....#* , * , ,


You could see a cacodemon and Sonja.

Vanquished Creatures
  A tentacled starspawn (Abyss:1)
  Harold (D:8)
  A queen ant (D:9)
  5 death yaks (D:9)
  A sixfirhy (Abyss:1)
  A harpy (D:8)
  A cyclops (D:8)
  A guardian serpent (Abyss:1)
  A naga mage (Abyss:1)
  A komodo dragon (D:8)
  An ancient zyme (Abyss:1)
  Prince Ribbit (D:8)
  A slime creature (D:8)
  3 raiju (Abyss:1)
  3 hippogriffs
  Sigmund (D:5)
  A small abomination (Abyss:1)
  5 yaks (D:11)
  A large abomination (Abyss:1)
  3 soldier ants (D:9)
  A water moccasin (D:4)
  3 nagas (Abyss:1)
  A black bear (D:9)
  3 sky beasts
  A necrophage (D:8)
  2 orc warriors
  A phantom (D:5)
  5 ogres
  4 centaurs
  A gnoll sergeant (D:8)
  A big kobold (D:8)
  6 bullfrogs
  2 scorpions (D:4)
  A howler monkey (D:8)
  A bullfrog zombie (D:6)
  3 centaur zombies
  A quasit (D:7)
  2 jellies
  Crazy Yiuf (D:5)
  3 orc priests
  3 hounds
  6 orc wizards
  4 centaur skeletons
  2 iguanas
  27 worker ants
  3 hound zombies
  3 hound skeletons
  A mummy (D:7)
  A worker ant zombie (D:7)
  6 gnolls
  A howler monkey skeleton (D:5)
  8 adders
  5 white imps
  3 ufetubi
  An ooze (D:5)
  An adder skeleton (D:5)
  2 adder zombies
  3 worms
  7 leopard geckos
  18 orcs
  3 bats
  4 giant cockroaches
  5 goblins
  3 hobgoblins
  7 jackals
  3 quokkas
  A frilled lizard (D:5)
  2 jackal skeletons (D:8)
  2 rats
  A starspawn tentacle (Abyss:1)
213 creatures vanquished.

Vanquished Creatures (others)
  2 starspawn tentacles (Abyss:1)
2 creatures vanquished.

Grand Total: 215 creatures vanquished

Notes
Turn   | Place    | Note
-------+----------+-------------------------------------------
     0 | D:1      | EnegeticOcto the Deep Dwarf Fighter began the quest for the
                  | Orb.
     0 | D:1      | Reached XP level 1. HP: 20/20 MP: 1/1
   105 | D:2      | Reached XP level 2. HP: 17/27 MP: 2/2
   193 | D:3      | Reached skill level 3 in Axes
   193 | D:3      | Reached XP level 3. HP: 19/33 MP: 3/3
   304 | D:4      | Noticed a scorpion
   330 | D:4      | Killed a scorpion
   330 | D:4      | Reached XP level 4. HP: 37/42 MP: 3/3
   427 | D:4      | Noticed a water moccasin
   448 | D:4      | Killed a water moccasin
   448 | D:4      | Reached skill level 4 in Axes
   448 | D:4      | Reached XP level 5. HP: 31/49 MP: 4/4
   547 | D:4      | Found an ancient bone altar of Kikubaaqudgha.
   578 | D:4      | Reached XP level 6. HP: 33/56 MP: 5/5
   600 | D:4      | Found a roughly hewn altar of Beogh.
   624 | D:4      | Reached skill level 5 in Axes
  1086 | D:4      | Got a buzzing scale mail
  1097 | D:4      | Identified the +1 scale mail of the World {Str-3 Dex+4}
                  | (You found it on level 4 of the Dungeon)
  1132 | D:5      | Entered Level 5 of the Dungeon
  1139 | D:5      | Found a radiant altar of Vehumet.
  1180 | D:5      | Found a runed translucent door.
  1181 | D:5      | Noticed Crazy Yiuf
  1301 | D:5      | Reached XP level 7. HP: 44/64 MP: 6/6
  1310 | D:5      | Reached skill level 5 in Armour
  1310 | D:5      | Reached skill level 5 in Shields
  1534 | D:5      | Found a burning altar of Makhleb.
  1592 | D:5      | Became a worshipper of Makhleb the Destroyer
  1625 | D:5      | Noticed Sigmund
  1635 | D:5      | Killed Sigmund
  1635 | D:5      | Reached skill level 6 in Axes
  1635 | D:5      | Reached skill level 1 in Invocations
  1824 | D:5      | Found a glowing silver altar of Zin.
  1844 | D:5      | Reached XP level 8. HP: 55/73 MP: 7/7
  1995 | D:5      | Paralysed by Crazy Yiuf for 4 turns
  2009 | D:5      | Killed Crazy Yiuf
  2217 | D:6      | Reached skill level 7 in Axes
  2361 | D:6      | Reached * piety under Makhleb
  2361 | D:6      | Reached skill level 5 in Fighting
  2397 | D:6      | Found a staircase to the Ecumenical Temple.
  2659 | D:6      | Reached skill level 8 in Axes
  2856 | D:7      | Gained mutation: You passively map the area around you.
                  | [Deep Dwarf growth]
  2856 | D:7      | Reached XP level 9. HP: 61/81 MP: 7/7
  3009 | D:7      | Found a hazy altar of Hepliaklqana.
  3107 | D:7      | Found Saabat's Jewellery Emporium.
  3142 | D:7      | Found a snail-covered altar of Cheibriados.
  3322 | D:7      | Reached ** piety under Makhleb
  3418 | D:7      | Found a stormy altar of Qazlal.
  3464 | D:7      | Reached skill level 5 in Invocations
  3900 | D:8      | Found Ujaleh's General Store.
  3921 | D:8      | Reached skill level 9 in Axes
  4007 | D:8      | Noticed Prince Ribbit
  4025 | D:8      | Killed Prince Ribbit
  4122 | D:8      | Noticed a komodo dragon
  4169 | D:8      | Noticed a cyclops
  4175 | D:8      | Killed a komodo dragon
  4175 | D:8      | Reached XP level 10. HP: 65/91 MP: 8/8
  4191 | D:8      | Killed a cyclops
  4191 | D:8      | Reached skill level 10 in Axes
  4282 | D:8      | Found a transporter.
  4284 | D:8      | Found a transporter.
  4299 | D:8      | Noticed a harpy
  4302 | D:8      | Found a basalt altar of Yredelemnul.
  4371 | D:8      | Noticed Harold
  4402 | D:8      | Killed Harold
  4419 | D:8      | Found a transporter.
  4420 | D:8      | Found a transporter.
  4420 | D:8      | Noticed Sapher's ghost (novice OpTm)
  4421 | D:8      | Noticed a two-headed ogre
  4690 | D:8      | Killed a harpy
  4771 | D:9      | Found an iron altar of Okawaru.
  4845 | D:9      | Reached *** piety under Makhleb
  4852 | D:9      | Noticed a queen ant
  4881 | D:9      | Killed a queen ant
  4881 | D:9      | Reached skill level 11 in Axes
  5050 | D:9      | Noticed a death yak
  5055 | D:9      | Noticed a death yak
  5061 | D:9      | Noticed a death yak
  5061 | D:9      | Noticed a death yak
  5063 | D:9      | Noticed a death yak
  5070 | D:9      | Killed a death yak
  5070 | D:9      | Reached XP level 11. HP: 74/100 MP: 10/10
  5111 | D:9      | Killed a death yak
  5126 | D:9      | Killed a death yak
  5157 | D:9      | Killed a death yak
  5172 | D:9      | Killed a death yak
  5189 | D:9      | Found a staircase to the Lair.
  5206 | D:9      | You fall into a shaft and drop 2 floors!
  5342 | D:11     | Noticed Sonja
  5370 | D:11     | Reached skill level 12 in Axes
  5375 | D:11     | Cast into level 1 of the Abyss (Sonja)
  5446 | Abyss:1  | Noticed a tentacled starspawn
  5456 | Abyss:1  | Killed a tentacled starspawn
  5541 | Abyss:1  | Reached **** piety under Makhleb
  5622 | Abyss:1  | Noticed a sixfirhy
  5644 | Abyss:1  | Noticed a cacodemon
  5655 | Abyss:1  | Killed a sixfirhy
  5655 | Abyss:1  | Reached XP level 12. HP: 70/110 MP: 2/2
  5657 | D:11     | Escaped the Abyss
  5663 | D:11     | Gained mutation: You tend to lose your temper in combat. [a
                  | cacodemon]
  5664 | D:11     | Gained mutation: You often lose your temper in combat. [a
                  | cacodemon]
  5679 | D:11     | Blown up by a cacodemon

Illustrated notes

Levels and vault maps discovered:
D:1:      minmay_arrival_up_and_down, layout_basic, ashenzari_altar_1
D:2:      minmay_thinvault, layout_rooms, minmay_pentomino_s2
D:3:      layout_loops_ring, ebering_ghost_rock_garden
D:4:      layout_gridville, kiku_gazebo_pond_becter, kennysheep_orc_chapel
D:5:      layout_loops_cross, lemuel_coloured_pillars_altar, kennysheep_mini,
          overflow_temple_1_default, minivault_14, uniq_crazy_yiuf_cottage,
          uniq_sigmund
D:6:      layout_loops_cross, minmay_temple_entry_stoned_glass
D:7:      layout_basic, marbit_many_paths, slow_altar_1,
          nicolae_qazlal_style_of_elements, serial_shops, nicolae_shop_trees
D:8:      hangedman_cross_veins, layout_basic, gammafunk_temple_overflow_arena,
          serial_shops, nicolae_shop_trees, gammafunk_ghost_smash, uniq_harold,
          uniq_prince_ribbit1
D:9:      layout_cave_pools, okawaru_gym_becter, dpeg_lair_monsters,
          minmay_another_anthill
D:11:     layout_loops_ring, uniq_sonja

Skill      XL: |  1  2  3  4  5  6  7  8  9 10 11 |
---------------+----------------------------------+-----
Axes           | 3 4 5 6 8 9 11 12 | 12.7
Fighting       | 3 4 5 6 7 8 |  8.1
Armour         | 4 5 6 7 8 9 |  9.6
Shields        | 4 5 6 7 8 9 |  9.5
Invocations    | 2 4 6 7 9 |  9.5

Action                   |  1- 3 |  4- 6 |  7- 9 | 10-12 || total
-------------------------+-------+-------+-------+-------++-------
Melee: War axe           |    84 |   108 |   538 |   486 ||  1216
Throw: Throwing net      |       |       |       |     2 ||     2
 Abil: Heal Wounds       |     1 |     5 |    14 |    31 ||    51
  Use: Scroll            |       |       |     8 |     4 ||    12
       Potion            |       |       |       |     1 ||     1
Armor: Scale mail        |    56 |    60 |       |       ||   116
       Chain mail        |       |     6 |   121 |       ||   127
       Plate armour      |       |       |   152 |   275 ||   427
Dodge: Dodged            |    38 |    42 |   107 |    85 ||   272
Block: Kite shield       |    55 |    58 |   270 |   229 ||   612

Table legend: (Time is in decaauts)
 A = Elapsed time spent in this place.
 B = Non-inter-level travel time spent in this place.
 C = Inter-level travel time spent in this place.
 D = Time resting spent in this place.
 E = Time spent auto-exploring this place.
 F = Levels seen in this place.
 G = Mean time per level.
                   A        B        C        D        E       F      G
               +--------+--------+--------+--------+--------+-----+--------+
         Total |   5859 |   5467 |    392 |      3 |   3415 |  11 |  532.6 |
       Dungeon |   5569 |   5177 |    392 |      3 |   3279 |  10 |  556.9 |
         Abyss |    290 |    290 |      0 |      0 |    135 |   1 |  290.0 |
               +--------+--------+--------+--------+--------+-----+--------+

Top non-repeatable levels by time:
     D:7: 1018 daAuts
     D:5: 1010 daAuts
     D:8: 945 daAuts
     D:4: 872 daAuts
     D:6: 769 daAuts
     D:9: 435 daAuts
 Abyss:1: 290 daAuts
    D:11: 190 daAuts
     D:3: 182 daAuts
     D:2: 125 daAuts
     D:1: 21 daAuts
